 Dungeon Crawl Stone Soup version 0.22-a0-142-g91cc6d7 (webtiles) character file.

26 Azzok the Cutter (level 2, 18/18 HPs)
             Began as a Deep Elf Berserker on Feb 5, 2018.
             Was a Follower of Trog.
             Quit the game on level 1 of the Dungeon.
             The game lasted 00:01:59 (629 turns).

Azzok the Cutter (Deep Elf Berserker)                Turns: 629, Time: 00:01:59

Health: 18/18      AC:  2    Str: 14    XL:     2   Next: 89%
Magic:  4/13       EV: 13    Int: 11    God:    Trog [*.....]
Gold:   54         SH:  0    Dex: 14    Spells: 1/1 levels left

rFire    . . .     SeeInvis .   a - +0 short sword
rCold    . . .     Gourm    .   (no shield)
rNeg     . . .     Faith    .   b - +0 animal skin
rPois    .         Spirit   .   (no helmet)
rElec    .         Reflect  .   (no cloak)
rCorr    .         Harm     .   (no gloves)
MR       .....                  (no boots)
Stlth    +.........             (no amulet)
HPRegen  0.06/turn              k - ring of magical power
MPRegen  0.13/turn              (no ring)

@: no status effects
A: no striking features
a: Berserk, Burn Spellbooks, Renounce Religion


You were on level 1 of the Dungeon.
You worshipped Trog.
Trog was aware of your devotion.
You were not hungry.

You visited 1 branch of the dungeon, and saw 1 of its levels.

You collected 54 gold pieces.

Inventory:

Hand Weapons
 a - a +0 short sword (weapon)
Armour
 b - a +0 animal skin (worn)
Jewellery
 k - a ring of magical power (left hand)
Scrolls
 g - 4 scrolls of teleportation {unknown}
 i - a scroll of remove curse {unknown}
Potions
 e - a potion of haste {unknown}
 f - 3 potions of curing {unknown}
 h - a potion of might {unknown}
 j - a potion of cancellation {unknown}
Comestibles
 c - a ration
 d - 3 chunks of flesh


   Skills:
 - Level 2.4 Fighting
 + Level 4.1 Short Blades
 - Level 1.5 Armour
 - Level 2.4 Dodging


You had one spell level left.
You didn't know any spells.

Dungeon Overview and Level Annotations

Branches:
Dungeon (1/15)

Altars:


Message History

You see here a dart slug corpse.
You butcher the dart slug corpse.
d - 3 chunks of flesh (gained 2)
k - a runed jade ring Done exploring.
Done exploring.
Put on which piece of jewellery? (? for menu, Esc to quit)
You feel your magic capacity increase.
k - a ring of magical power (left hand) Quiver which item? (- for none, * to show all) (? for menu, Esc to quit)
You don't have any such object.
Quiver which item? (- for none, * to show all) (? for menu, Esc to quit)
Huh?
Quiver which item? (- for none, * to show all) (? for menu, Esc to quit)
You don't have any such object.
Quiver which item? (- for none, * to show all) (? for menu, Esc to quit)
Okay, then.
Quiver which item? (- for none, * to show all) (? for menu, Esc to quit)
Okay, then.
Are you sure you want to abandon this character and quit the game? (Confirm with "yes".)

▒·····)·········▒▒
▒··········▒▒·····
▒··········▒▒▒····
▒▒·········▒ ▒····
▒·········▒ ▒····
▒·········▒ ▒▒▒▒·
▒▒·········▒ ▒·
▒····▒▒▒▒▒▒▒ ▒·
▒@▒▒▒▒ ▒▒ ▒·▒ ▒·▒
▒▒▒ ▒▒▒▒▒▒ ▒····▒
▒····▒ ▒····▒
▒····▒ ▒····▒▒


There were no monsters in sight!

Vanquished Creatures
  An ooze (D:1)
  2 dart slugs (D:1)
  A leopard gecko (D:1)
  2 goblins (D:1)
  3 hobgoblins (D:1)
  2 bats (D:1)
  3 frilled lizards (D:1)
  2 kobolds (D:1)
  A rat (D:1)
17 creatures vanquished.

Notes
Turn   | Place    | Note
-------+----------+-------------------------------------------
     0 | D:1      | Azzok the Deep Elf Berserker began the quest for the Orb.
     0 | D:1      | Reached XP level 1. HP: 13/13 MP: 3/3
   115 | D:1      | Reached XP level 2. HP: 17/18 MP: 4/4
   410 | D:1      | Reached skill level 4 in Short Blades
   629 | D:1      | Quit the game

Vault maps used:
D:1:      dpeg_arrival_stonehenge_8_columns

Skill      XL: |  1  2 |
---------------+-------+-----
Short Blades   | 4 |  4.1
Fighting       | |  2.4
Armour         | |  1.5
Dodging        | |  2.4

Action                   || total
-------------------------++-------
Melee: Short sword       ||    49
 Stab: Sleeping          ||     3
Armor: Animal skin       ||     6
Dodge: Dodged            ||    22

Table legend:
 A = Spawn XP
 B = Non-spawn XP
 C = Spawn XP percentage of total XP
 D = Spawn monster count
 E = Non-spawn monster count
 F = Spawn count percentage of total count
 G = Total turns spent on level
                    A         B        C        D         E        F      G
               +---------+---------+-------+---------+---------+-------+---------
         Total |       0 |      38 |   0.0 |       0 |      17 |   0.0 |   629
               +---------+---------+-------+---------+---------+-------+---------
           D:1 |       0 |      38 |   0.0 |       0 |      17 |   0.0 |   629
               +---------+---------+-------+---------+---------+-------+---------
